 Dungeon Crawl Stone Soup version 0.31-a0-702-gf82c85558f (webtiles) character file.

Game seed: 8756061316831717620

97 Newt the Shooter (level 5, -2/35 HPs)
             Began as a Kobold Hunter on Sept 8, 2023.
             Slain by a gnoll
             ... wielding a +0 halberd
              (15 damage)
             ... on level 4 of the Dungeon.
             The game lasted 00:01:20 (1145 turns).

Newt the Shooter (Kobold Hunter)                    Turns: 1145, Time: 00:01:22

Health: -2/35      AC:  3    Str:  8    XL:     5   Next: 0%
Magic:  5/5        EV: 14    Int: 10    God:
Gold:   38         SH:  0    Dex: 21    Spells: 4/4 levels left

rFire   . . .        a - +0 shortbow
rCold   . . .        (shield currently unavailable)
rNeg    . . .        c - +0 leather armour
rPois   .            (no helmet)
rElec   .            (no cloak)
rCorr   .            (no gloves)
SInv    .            (no boots)
Will    .....        (no amulet)
Stlth   +++          (no ring)
HPRegen 0.25/turn    (no ring)
MPRegen 0.09/turn

%: no passive effects
@: no status effects
A: small, no large weapons, nightstalker 3
a: no special abilities


You were on level 4 of the Dungeon.
You visited 1 branch of the dungeon, and saw 3 of its levels.

You collected 38 gold pieces.

Inventory:

Hand Weapons
 a - a +0 shortbow (weapon)
Armour
 c - a +0 leather armour (worn)
Scrolls
 b - a scroll of butterflies
Potions
 d - a potion of degeneration {unknown}
 f - a potion of curing
 h - a potion of mutation {unknown}
 i - a potion of enlightenment {unknown}


   Skills:
 - Level 5.0 Fighting
 + Level 5.6 Ranged Weapons
 - Level 2.4 Dodging
 - Level 1.3 Stealth


You had 4 spell levels left.
You didn't know any spells.
Your spell library contained the following spells:

 Spells                   Type           Power      Damage    Failure   Level
 Slow                     Hex            0%         N/A       50%         1
 Confusing Touch          Hex            0%         N/A       86%         3
 Sigil of Binding         Hex            0%         N/A       86%         3
 Vampiric Draining        Necr           0%         2d6       86%         3


Dungeon Overview and Level Annotations

Branches:
Dungeon (2/15)

Altars:
The Shining One


Innate Abilities, Weirdness & Mutations

You are small and have problems with some larger weapons.
You are completely attuned to the shadows.


Message History

Fire: a) +0 shortbow
Press: ? - help, Shift-Dir - straight line, f - hobgoblin, p - gnoll
Aim: a hobgoblin (66% to hit)
You shoot an arrow. The arrow closely misses the gnoll.
The arrow hits the hobgoblin.
The hobgoblin is severely wounded.
The gnoll hits you from afar with a +0 halberd!
* * * LOW HITPOINT WARNING * * *
Unknown command.
Fire: a) +0 shortbow
Press: ? - help, Shift-Dir - straight line, f/p - hobgoblin
Aim: a hobgoblin (severely wounded, 66% to hit)
You shoot an arrow. The arrow hits the gnoll!
The gnoll is severely wounded.
The gnoll barely misses you.
Unknown command.
It was a potion of curing.
You feel better. The gnoll closely misses you.
Unknown command.
Fire: a) +0 shortbow
Press: ? - help, Shift-Dir - straight line, f/p - hobgoblin
Aim: a hobgoblin (severely wounded, 66% to hit)
You shoot an arrow. The arrow barely misses the gnoll.
The arrow barely misses the hobgoblin.
The gnoll barely misses you.
Unknown command.
Unknown command.
Fire: a) +0 shortbow
Press: ? - help, Shift-Dir - straight line, f/p - hobgoblin
Aim: a hobgoblin (severely wounded, 66% to hit)
You shoot an arrow. The arrow barely misses the gnoll.
The arrow hits the hobgoblin but does no damage.
The hobgoblin is severely wounded.
The gnoll barely misses you.
Fire: a) +0 shortbow
Press: ? - help, Shift-Dir - straight line, f/p - hobgoblin
Aim: a hobgoblin (severely wounded, 66% to hit)
You shoot an arrow. The arrow closely misses the gnoll.
The arrow hits the hobgoblin.
You kill the hobgoblin!
The gnoll hits you from afar with a +0 halberd!
You die...

........
.......#
.....#
#..#
#..#
##@##
#..#
##g##
#..#
#..#
#.##
#..#
...)#
#.....


You could see a gnoll.

Vanquished Creatures
  A hound (D:2)
  2 adders (D:2)
  2 gnolls (D:4)
  A ball python (D:1)
  6 endoplasms
  2 giant cockroaches
  2 goblins (D:1)
  6 hobgoblins
  3 bats (D:1)
  2 frilled lizards
  2 kobolds
  3 rats
32 creatures vanquished.

Notes
Turn   | Place    | Note
-------+----------+-------------------------------------------
     0 | D:1      | Newt the Kobold Hunter began the quest for the Orb.
     0 | D:1      | Reached XP level 1. HP: 12/12 MP: 1/1
   103 | D:1      | Reached XP level 2. HP: 18/18 MP: 2/2
   549 | D:1      | Reached XP level 3. HP: 17/23 MP: 3/3
   664 | D:2      | Reached XP level 4. HP: 30/30 MP: 4/4
   670 | D:2      | Found a glowing golden altar of the Shining One.
  1113 | D:2      | You fall into a shaft and drop 2 floors!
  1126 | D:4      | Reached skill level 5 in Fighting
  1140 | D:4      | Reached XP level 5. HP: 16/35 MP: 5/5
  1145 | D:4      | Slain by a gnoll

Illustrated notes

Levels and vault maps discovered:
D:1:      mrwooster_arrival_statue, layout_loops_ring
D:2:      layout_basic, basic_altar
D:4:      layout_layer_cave, minmay_temple_entry_wispy, uniq_eustachio,
          uniq_grinder

Skill      XL: |  1  2  3  4 |
---------------+-------------+-----
Fighting       | 3 4 5 |  5.0
Ranged Weapons | |  5.6
Dodging        | |  2.4
Stealth        | |  1.3

Action                     |  1- 3 |  4- 6 || total
---------------------------+-------+-------++-------
   Fire: Shortbow          |    47 |    37 ||    84
    Use: Scroll            |     3 |       ||     3
         Potion            |       |     1 ||     1
 Armour: Leather armour    |     7 |     6 ||    13
  Dodge: Dodged            |    13 |    20 ||    33

Table legend: (Time is in decaauts)
 A = Elapsed time spent in this place.
 B = Non-inter-level travel time spent in this place.
 C = Inter-level travel time spent in this place.
 D = Time resting spent in this place.
 E = Time spent auto-exploring this place.
 F = Levels seen in this place.
 G = Mean time per level.
                   A        B        C        D        E       F      G
               +--------+--------+--------+--------+--------+-----+--------+
         Total |   1160 |   1157 |      3 |      0 |    996 |   3 |  386.7 |
       Dungeon |   1160 |   1157 |      3 |      0 |    996 |   3 |  386.7 |
               +--------+--------+--------+--------+--------+-----+--------+

Top non-repeatable levels by time:
     D:1: 642 daAuts
     D:2: 483 daAuts
     D:4: 34 daAuts
